 Dungeon Crawl Stone Soup version 0.21-a0-504-g2eda33064f (webtiles) character file.

1047 Kaname the Stinger (level 8, -3/52 HPs)
             Began as a Demonspawn Venom Mage on Nov 25, 2017.
             Was a Follower of Vehumet.
             Slain by Menkaure (25 damage)
             ... on level 5 of the Dungeon.
             The game lasted 00:27:23 (5557 turns).

Kaname the Stinger (Demonspawn Venom Mage)          Turns: 5557, Time: 00:27:24

Health: -3/52      AC:  3    Str:  8    XL:     8   Next: 5%
Magic:  7/13       EV: 12    Int: 18    God:    Vehumet [*.....]
Gold:   253        SH:  0    Dex: 15    Spells: 5/14 levels left

rFire    . . .     SeeInvis .   i - +0 war axe (freeze)
rCold    . . .     Gourm    .   (no shield)
rNeg     + . .     Faith    +   a - +0 robe
rPois    .         Spirit   .   (no helmet)
rElec    .         Reflect  .   (no cloak)
rCorr    .         Harm     .   u - +0 pair of gloves
MR       .....                  (no boots)
Stlth    ++........             l - amulet of faith
HPRegen  0.17/turn              t - ring of positive energy
MPRegen  0.13/turn              (no ring)

@: no status effects
A: claws 1, foul stench 1, powered by death 1, rot immunity
a: Renounce Religion


You were on level 5 of the Dungeon.
You worshipped Vehumet.
Vehumet was aware of your devotion.
You were very hungry.

You visited 2 branches of the dungeon, and saw 6 of its levels.
You also visited: Ossuary.

You collected 253 gold pieces.

Inventory:

Hand Weapons
 h - a +4 dagger of draining
 i - a +0 war axe of freezing (weapon)
Missiles
 k - 2 throwing nets (quivered)
Armour
 a - a +0 robe (worn)
 u - a +0 pair of gloves (worn)
Jewellery
 l - an amulet of faith (around neck)
 t - a ring of positive energy (left hand)
Scrolls
 f - a scroll of blinking
 j - a scroll of enchant weapon
 n - 4 scrolls of immolation
 v - 3 scrolls of remove curse
 x - 6 scrolls of random uselessness {unknown}
 y - 2 scrolls of identify
 C - a scroll of noise {unknown}
Potions
 e - 2 potions of lignification
 m - 2 potions of might
 o - a potion of berserk rage {unknown}
 z - a potion of heal wounds
 A - 5 potions of curing
 B - 2 potions of cancellation {unknown}
 D - a potion of ambrosia {unknown}
 E - a potion of mutation {unknown}
 F - a potion of agility {unknown}
Books
 b - a Young Poisoner's Handbook

   Spells                             Type                      Level
   a - Sting                          Conjuration/Poison           1
   b - Poisonous Vapours              Poison/Air                   2
   c - Mephitic Cloud                 Conjuration/Poison/Air       3
   d - Olgreb's Toxic Radiance        Poison                       4
   e - Venom Bolt                     Conjuration/Poison           5
 r - a book of Conjurations

   Spells                             Type                      Level
   a - Magic Dart                     Conjuration                  1
   b - Searing Ray                    Conjuration                  2
   c - Dazzling Spray                 Conjuration/Hexes            3
   d - Fulminant Prism                Conjuration/Hexes            4
   e - Force Lance                    Conjuration/Translocation    4
   f - Iskenderun's Mystic Blast      Conjuration                  4
 s - a book of Cantrips

   Spells                             Type                      Level
   a - Confusing Touch                Hexes                        1
   b - Animate Skeleton               Necromancy                   1
   c - Summon Small Mammal            Summoning                    1
   d - Apportation                    Translocation                1
Comestibles
 c - a bread ration
 p - 3 meat rations
 w - a royal jelly


   Skills:
 - Level 1.7 Dodging
 - Level 1.7 Stealth
 + Level 3.8 Spellcasting
 - Level 6.0 Conjurations
 * Level 1.4 Hexes
 - Level 2.1 Air Magic
 - Level 6.0 Poison Magic


You had 5 spell levels left.
You knew the following spells:

 Your Spells              Type           Power        Failure   Level  Hunger
a - Searing Ray           Conj           ####..       1%          2    ##.....
b - Mephitic Cloud        Conj/Pois/Air  ###.....     6%          3    ###....
c - Fulminant Prism       Conj/Hex       ###.......   32%         4    ####...


Dungeon Overview and Level Annotations

Branches:
Dungeon (5/15)             Temple (1/1) D:5

Altars:
Cheibriados
Dithmenos
Elyvilon
Fedhas
Gozag
Hepliaklqana
Kikubaaqudgha
Makhleb
Nemelex Xobeh
Okawaru
Qazlal
Ru
Trog
Uskayaw
Vehumet
Wu Jian
Xom
Yredelemnul
Zin

Annotations:
D:2 2 transporters
D:5 Menkaure


Innate Abilities, Weirdness & Mutations

You have sharp fingernails.
You may emit foul miasma when damaged in melee.
You regenerate a little health from kills.
You are immune to rotting.


Message History

Menkaure is almost destroyed.
Menkaure points at you and mumbles some strange words.
You struggle to resist.
Menkaure hits you!
You emit a cloud of foul miasma!
You completely miss Menkaure.
Menkaure is almost destroyed.
Menkaure hums drily.
Menkaure hits you! Menkaure hits you.
Casting: Searing Ray
Confirm with . or Enter, or press ? or * to list all spells.
Aiming: Searing Ray
Press: ? - help, Shift-Dir - straight line, f/p - Menkaure
Aim: Menkaure (foul pestilence, almost destroyed, fast)
The searing ray hits Menkaure.
Menkaure is almost destroyed. (Press . to maintain the ray.) Menkaure barely misses you.
The searing ray hits Menkaure.
Menkaure is almost destroyed.
Menkaure hits you!!
You die...

####### ##### #.....#
#...# #.###.###.#.# #.#
#.....#.#
#####.#########@#
.#...............M......
.#............##........
.#............ ####.....
.#............ .....
#.........#### ####
#.........# #...........
#...........


You could see Menkaure.

Vanquished Creatures
  2 sky beasts (D:5)
  2 centaurs (D:5)
  A water moccasin skeleton (D:4)
  2 scorpions (D:4)
  A howler monkey (D:4)
  A centaur zombie (Ossuary)
  2 hounds (D:4)
  An orc priest (D:4)
  2 orc wizards
  3 worker ants
  2 big kobold zombies (Ossuary)
  4 mummies (Ossuary)
  A worker ant zombie (D:5)
  6 adders
  A worm (D:2)
  3 dart slugs
  3 leopard geckos
  16 orcs
  2 ball pythons
  5 giant cockroaches
  A gnoll zombie (Ossuary)
  12 goblins
  7 hobgoblins
  3 jackals (D:4)
  2 quokkas
  4 bats
  5 frilled lizards
  A goblin zombie (Ossuary)
  A hobgoblin zombie (Ossuary)
  2 jackal skeletons (D:5)
  3 kobolds
  A kobold zombie (Ossuary)
  A leopard gecko skeleton (D:5)
  An orc zombie (Ossuary)
  A quokka skeleton (D:5)
  10 rats
115 creatures vanquished.

Notes
Turn   | Place    | Note
-------+----------+-------------------------------------------
     0 | D:1      | Kaname the Demonspawn Venom Mage began the quest for the Orb.
     0 | D:1      | Reached XP level 1. HP: 13/13 MP: 3/3
   196 | D:1      | Gained mutation: You are immune to rotting. [demonic ancestry]
   196 | D:1      | Reached XP level 2. HP: 16/19 MP: 0/5
   950 | D:2      | Found a transporter.
   950 | D:2      | Noticed an ogre
   984 | D:2      | Found a faded altar of an unknown god.
  1029 | D:2      | Found a transporter.
  1039 | D:2      | Found a shadowy altar of Dithmenos.
  1097 | D:2      | Gained mutation: You may emit foul miasma when damaged in melee. [demonic ancestry]
  1097 | D:2      | Reached XP level 3. HP: 23/24 MP: 3/6
  1113 | D:2      | Learned a level 3 spell: Mephitic Cloud
  1447 | D:2      | You fall through a shaft for 2 floors!
  1673 | D:3      | Found an iron altar of Okawaru.
  1676 | D:3      | Gained mutation: You regenerate a little health from kills. [demonic ancestry]
  1676 | D:3      | Reached XP level 4. HP: 30/30 MP: 2/7
  1916 | D:3      | HP: 1/30 [adder (4)]
  1919 | D:4      | Reached skill level 1 in Air Magic
  2634 | D:3      | Reached skill level 5 in Poison Magic
  2812 | D:4      | Reached XP level 5. HP: 35/35 MP: 4/8
  2903 | D:4      | Learned a level 4 spell: Fulminant Prism
  3055 | D:4      | Reached XP level 6. HP: 15/41 MP: 9/9
  3841 | D:4      | Reached XP level 7. HP: 46/46 MP: 1/10
  4070 | D:5      | Entered Level 5 of the Dungeon
  4174 | D:5      | Found a staircase to the Ecumenical Temple.
  4189 | Temple   | Entered the Ecumenical Temple
  4322 | Temple   | Became a worshipper of Vehumet
  4489 | D:5      | Found a sand-covered staircase.
  4495 | Ossuary  | Entered an ossuary
  4514 | Ossuary  | Learned a level 2 spell: Searing Ray
  4795 | Ossuary  | Reached skill level 5 in Conjurations
  5170 | D:5      | Reached * piety under Vehumet
  5170 | D:5      | Offered knowledge of Flame Tongue by Vehumet.
  5293 | D:5      | Reached skill level 1 in Hexes
  5293 | D:5      | Gained mutation: You have sharp fingernails. [demonic ancestry]
  5293 | D:5      | Reached XP level 8. HP: 19/52 MP: 1/13
  5436 | D:5      | Noticed Menkaure
  5557 | D:5      | Slain by Menkaure

Vault maps used:
D:1:      dpeg_arrival_simpleton_b
D:2:      gammafunk_temple_overflow_arena,
          chequers_ecumenical_altar_simple_redux
D:3:      lemuel_round_altar
D:4:      cheibrodos_old_hovel
D:5:      minmay_temple_entry_junction_2, first_bread, enter_ossuary_2,
          uniq_menkaure
Temple:   regret_index_temple_mists
Ossuary:  ossuary_crypta

Skill      XL: |  1  2  3  4  5  6  7 |
---------------+----------------------+-----
Poison Magic   | 4 5 6 |  6.0
Conjurations   | 2 4 6 |  6.0
Air Magic      | 1 2 |  2.1
Spellcasting   | 3 |  3.8
Hexes          | 1 |  1.4
Dodging        | |  1.7
Stealth        | |  1.7

Action                   |  1- 3 |  4- 6 |  7- 9 || total
-------------------------+-------+-------+-------++-------
Melee: Club              |    16 |       |       ||    16
       Hand axe          |    66 |   118 |    69 ||   253
       War axe           |       |       |    33 ||    33
 Cast: Sting             |    66 |   108 |    14 ||   188
       Mephitic Cloud    |       |     3 |     1 ||     4
       Searing Ray       |       |       |    17 ||    17
  Use: Scroll            |     2 |     1 |     6 ||     9
       Potion            |       |     4 |       ||     4
 Stab: Sleeping          |     1 |       |     1 ||     2
       Confused          |       |     2 |     1 ||     3
       Distracted        |       |       |     1 ||     1
  Eat: Chunk             |     4 |     4 |     3 ||    11
       Bread ration      |       |     1 |       ||     1
       Fruit             |       |       |     3 ||     3
Armor: Robe              |    15 |    47 |    17 ||    79
Dodge: Dodged            |    53 |   118 |    79 ||   250

Table legend:
 A = Spawn XP
 B = Non-spawn XP
 C = Spawn XP percentage of total XP
 D = Spawn monster count
 E = Non-spawn monster count
 F = Spawn count percentage of total count
 G = Total turns spent on level
                    A         B        C        D         E        F      G
               +---------+---------+-------+---------+---------+-------+---------
         Total |       0 |    1497 |   0.0 |       0 |     115 |   0.0 |  5557
               +---------+---------+-------+---------+---------+-------+---------
           D:1 |       0 |      19 |   0.0 |       0 |      13 |   0.0 |   814
           D:2 |       0 |      36 |   0.0 |       0 |      18 |   0.0 |   633
           D:3 |       0 |     119 |   0.0 |       0 |      29 |   0.0 |  1032
           D:4 |       0 |     559 |   0.0 |       0 |      26 |   0.0 |  1591
           D:5 |       0 |     585 |   0.0 |       0 |      17 |   0.0 |   826
       Ossuary |       0 |     179 |   0.0 |       0 |      12 |   0.0 |   506
               +---------+---------+-------+---------+---------+-------+---------
